 Seeded DCSS version 0.25.1-11-g244df3a29b (webtiles) character file.

Game seed: 9092534251715713254 (custom seed)

149 avis the Chopper (level 5, 0/45 HPs)
             Began as a Hill Orc Monk on May 21, 2022.
             Slain by a ball python (1 damage)
             ... on level 3 of the Dungeon.
             The game lasted 00:09:38 (2918 turns).

avis the Chopper (Hill Orc Monk)                    Turns: 2918, Time: 00:09:39

Health: 0/45       AC:  9    Str: 15    XL:     5   Next: 31%
Magic:  5/5        EV:  4    Int: 10    God:
Gold:   96         SH:  0    Dex: 13    Spells: 4/4 levels left

rFire    + . .     SeeInvis .   a - +0 war axe
rCold    + + .     Gourm    .   (no shield)
rNeg     . . .     Faith    .   g - +1 chain mail {rC+}
rPois    +         Spirit   .   (no helmet)
rElec    +         Reflect  .   (no cloak)
rCorr    +         Harm     .   (no gloves)
MR       .....                  (no boots)
Stlth    ..........             (no amulet)
HPRegen  0.15/turn              (no ring)
MPRegen  0.09/turn              (no ring)

@: resistant, hasted, constricted, very quick
A: no striking features
a: no special abilities


You were on level 3 of the Dungeon.
You were hungry.

You visited 1 branch of the dungeon, and saw 3 of its levels.

You collected 96 gold pieces.

Inventory:

Hand Weapons
 a - a +0 war axe (weapon)
 b - a +0 vampiric dagger
 e - a +0 spear
 f - a +0 spear of venom
 o - a +0 short sword of protection
Missiles
 h - 157 stones (quivered)
 k - 15 arrows
 u - 9 bolts
Armour
 g - a +1 chain mail of cold resistance (worn)
 j - a +0 ring mail
 r - a +0 plate armour
Jewellery
 l - an uncursed ring of ice
 s - an uncursed amulet of faith
Scrolls
 d - 2 scrolls of remove curse {unknown}
 m - a scroll of immolation {unknown}
 p - a scroll of magic mapping {unknown}
 q - 3 scrolls of identify {unknown}
 v - a scroll of enchant weapon {unknown}
 x - a scroll of enchant armour {unknown}
Comestibles
 c - 7 rations
 w - 7 chunks of flesh


   Skills:
 - Level 3.6 Fighting
 * Level 7.7 Axes
 - Level 2.4 Dodging
 - Level 1.5 Stealth


You had 4 spell levels left.
You didn't know any spells.
Your spell library was empty.

Dungeon Overview and Level Annotations

Branches:
Dungeon (3/15)

Altars:
Fedhas
Kikubaaqudgha


Message History

The orc throws a stone.
You closely miss something. You hit the hobgoblin.
The orc throws a stone.
The stone closely misses you.
You miss something. You hit the hobgoblin.
You kill the hobgoblin!
Something hits you but does no damage. The ball python barely misses you.
The ball python grabs you. The ball python constricts you.
You completely miss the orc. You completely miss something.
You miss the ball python.
You feel less confused. The orc hits you but does no damage.
The ball python bites you.
* * * LOW HITPOINT WARNING * * *
The ball python constricts you. Something hits you.
* * * LOW HITPOINT WARNING * * *
You closely miss the orc. You hit something.
Reactivating autopickup.
You feel a bit more experienced.
You closely miss the ball python. The ball python bites you.
You die...

#... .#
S..####o######.#
..o.oooo.#<..#.#
......###....#.#
..... #.)....#.#
.o..
#.#....#.######
.o.
#(#....#.......
..
#.o.o..).....# .
#..S@))).....#
#..).........#
#..............
#..............
#...(..........
#..............
#............##
#............#
###########


You could see 2 orcs and a ball python.

Vanquished Creatures
  An orc wizard (D:3)
  4 adders (D:2)
  3 worms (D:2)
  A dart slug (D:1)
  A leopard gecko (D:2)
  8 orcs
  5 bats
  3 giant cockroaches
  13 goblins
  6 hobgoblins
  5 jackals
  8 frilled lizards
  9 kobolds
  4 rats
71 creatures vanquished.

Notes
Turn   | Place    | Note
-------+----------+-------------------------------------------
     0 | D:1      | avis the Hill Orc Monk began the quest for the Orb.
     0 | D:1      | Reached XP level 1. HP: 19/19 MP: 1/1
   317 | D:1      | Reached XP level 2. HP: 26/26 MP: 2/2
   415 | D:1      | Reached skill level 5 in Axes
   614 | D:1      | Reached XP level 3. HP: 25/31 MP: 3/3
  1206 | D:2      | Reached skill level 6 in Axes
  1382 | D:2      | Found an ancient bone altar of Kikubaaqudgha.
  1382 | D:2      | Found a blossoming altar of Fedhas.
  1694 | D:2      | Reached XP level 4. HP: 20/39 MP: 4/4
  2445 | D:2      | Reached skill level 7 in Axes
  2821 | D:3      | Reached XP level 5. HP: 29/45 MP: 5/5
  2906 | D:3      | HP: 2/45 [orc/+0 trident (4)]
  2917 | D:3      | HP: 2/45 [ball python (2)]
  2918 | D:3      | Slain by a ball python

Illustrated notes

Levels and vault maps discovered:
D:1:      dpeg_arrival_rooms_b, layout_rooms, minmay_misc_feat_square
D:2:      layout_rooms, grunt_temple_overflow_growth_and_decay, minmay_3d_cube
D:3:      layout_basic

Skill      XL: |  1  2  3  4 |
---------------+-------------+-----
Axes           | 5 6 7 |  7.7
Fighting       | |  3.6
Dodging        | |  2.4
Stealth        | |  1.5

Action                   |  1- 3 |  4- 6 || total
-------------------------+-------+-------++-------
Melee: Hand axe          |   136 |   114 ||   250
       War axe           |       |    39 ||    39
  Use: Potion            |       |     3 ||     3
  Eat: Chunk             |     3 |     3 ||     6
Armor: Robe              |    18 |       ||    18
       Ring mail         |    16 |     3 ||    19
       Chain mail        |       |   106 ||   106
Dodge: Dodged            |    81 |    54 ||   135
